BLB
LOS ANGELES DINOS @ CALIFORNIA KODIAKS
06/21/2060
 
TOP OF THE 1ST
Los Angeles Dinos batting - Pitching for California Kodiaks : RHP Benjamin Narvaez
Pitching: RHP Benjamin Narvaez
Batting: LHB Johnathan Baird 0-0: SINGLE (Groundball, 34D, EV 96.9 MPH)
Batting: RHB Rob Detling 0-0: Called Strike
0-1: Hit by Pitch
Johnathan Baird to second
Batting: LHB Shawn Hickey 0-0: Hit by Pitch
Johnathan Baird to third
Rob Detling to second
Batting: RHB Vince Cox 0-0: Ball
1-0: Foul Ball, location: 2F
1-1: SINGLE (Line Drive, 6D, EV 103.8 MPH)
Johnathan Baird scores
Rob Detling to third
Shawn Hickey to second
Batting: RHB Orrin Perkins 0-0: Ball
1-0: Swinging Strike
1-1: Called Strike
1-2: Ball
2-2: Strikes out swinging
Batting: RHB Wyatt Steinauer 0-0: Ball
1-0: Foul Ball, location: 2F
1-1: Foul Ball, location: 2F
1-2: Ball
2-2: Strikes out swinging
Batting: RHB Cody Turner 0-0: Ball
1-0: Ground out U3 (Groundball, 34, EV 76.9 MPH)
Top of the 1st over - 1 run, 2 hits, 0 errors, 3 left on base; Los Angeles 1 - California 0
BOTTOM OF THE 1ST
California Kodiaks batting - Pitching for Los Angeles Dinos : RHP Phil Russell
Pitching: RHP Phil Russell
Batting: LHB Stephen Caskey 0-0: SINGLE (Groundball, 34S, EV 67.5 MPH) (infield hit)
Batting: RHB Hayden Cornett Pickoff Throw to First - Out! 1-3 CS
0-0: Ball
1-0: Called Strike
1-1: Ball
2-1: Ground out U3 (Groundball, 34, EV 90.0 MPH)
Batting: LHB Joey Robertson 0-0: Ball
1-0: Foul Ball, location: 2F
1-1: Ball
2-1: Reached on error, E4 (Groundball, 4, EV 80.6 MPH)
Batting: RHB Stan Sikes 0-0: Called Strike
0-1: Swinging Strike
0-2: Foul Ball, location: 2F
0-2: Ball
1-2: Fly out, F3 (Popup, 3SF, EV 87.5 MPH)
Bottom of the 1st over - 0 runs, 1 hit, 1 error, 1 left on base; Los Angeles 1 - California 0
TOP OF THE 2ND
Los Angeles Dinos batting - Pitching for California Kodiaks : RHP Benjamin Narvaez
Batting: RHB Derick Murphy 0-0: Ball
1-0: Fly out, F7 (Flyball, 78M, EV 91.9 MPH)
Batting: RHB Cody Mancini 0-0: Ground out 4-3 (Groundball, 4, EV 85.0 MPH)
Batting: LHB Johnathan Baird 0-0: SINGLE (Line Drive, 9LS, EV 109.4 MPH)
Batting: RHB Rob Detling 0-0: Called Strike
Johnathan Baird steals 2nd base
0-1: Ball
1-1: Foul Ball, location: 2F
1-2: Ball
2-2: Ball
3-2: SINGLE (Flyball, 6D, EV 91.2 MPH)
Johnathan Baird to third
Runner from 3rd tries for Home, SAFE, throw by LF to home
Batting: LHB Shawn Hickey 0-0: Foul Ball, location: 2F
0-1: Ground out 2-3 (Groundball, 2L, EV 63.1 MPH)
Top of the 2nd over - 1 run, 2 hits, 0 errors, 1 left on base; Los Angeles 2 - California 0
BOTTOM OF THE 2ND
California Kodiaks batting - Pitching for Los Angeles Dinos : RHP Phil Russell
Batting: LHB Idris Wnuk 0-0: Swinging Strike
0-1: Foul Ball, location: 2F
0-2: Strikes out swinging
Batting: RHB C.J. Spicer 0-0: Called Strike
0-1: Ball
1-1: Ball
2-1: Foul Ball, location: 2F
2-2: Ball
3-2: Foul Ball, location: 2F
3-2: Base on Balls
Batting: LHB Sean Catron 0-0: Swinging Strike
0-1: Ball
1-1: Called Strike
C.J. Spicer steals 2nd base
1-2: Ball
2-2: Foul Ball, location: 2F
2-2: Strikes out swinging
Batting: RHB Kyle Leonard 0-0: Ball
1-0: Foul Ball, location: 2F
1-1: Ball
2-1: Fly out, F9 (Flyball, 89D, EV 76.2 MPH)
Bottom of the 2nd over - 0 runs, 0 hits, 0 errors, 1 left on base; Los Angeles 2 - California 0
TOP OF THE 3RD
Los Angeles Dinos batting - Pitching for California Kodiaks : RHP Benjamin Narvaez
Batting: RHB Vince Cox 0-0: SINGLE (Groundball, 6MD, EV 101.2 MPH)
Batting: RHB Orrin Perkins 0-0: Ground out 6-3 (Groundball, 6, EV 84.4 MPH)
Vince Cox to second
Batting: RHB Wyatt Steinauer 0-0: Swinging Strike
0-1: Swinging Strike
0-2: Foul Ball, location: 2F
0-2: Ball
1-2: Strikes out swinging
Batting: RHB Cody Turner 0-0: Ball
1-0: Ball
2-0: Ball
3-0: Called Strike
3-1: SINGLE (Line Drive, 5D, EV 110.6 MPH)
Vince Cox to third
Throwing error, E7
Vince Cox scores
Cody Turner to second
Batting: RHB Derick Murphy 0-0: Called Strike
0-1: Ground out 6-3 (Groundball, 6MD, EV 80.0 MPH)
Top of the 3rd over - 1 run, 2 hits, 1 error, 1 left on base; Los Angeles 3 - California 0
BOTTOM OF THE 3RD
California Kodiaks batting - Pitching for Los Angeles Dinos : RHP Phil Russell
Batting: LHB Logan Laughlin 0-0: Ball
1-0: Called Strike
1-1: Ball
2-1: Ball
3-1: SINGLE (Groundball, 6M, EV 97.5 MPH)
Batting: LHB Stephen Caskey 0-0: Grounds into double play, 4-6-3 (Groundball, 4, EV 109.4 MPH)
Batting: RHB Hayden Cornett 0-0: Ball
1-0: Ball
2-0: Foul Ball, location: 2F
2-1: Ball
3-1: Foul Ball, location: 2F
3-2: Base on Balls
Batting: LHB Joey Robertson 0-0: Foul Ball, location: 2F
0-1: Ball
1-1: Foul Ball, location: 2F
1-2: Ground out 4-3 (Groundball, 4, EV 76.9 MPH)
Bottom of the 3rd over - 0 runs, 1 hit, 0 errors, 1 left on base; Los Angeles 3 - California 0
TOP OF THE 4TH
Los Angeles Dinos batting - Pitching for California Kodiaks : RHP Benjamin Narvaez
Batting: RHB Cody Mancini 0-0: Foul Ball, location: 2F
0-1: Hit by Pitch
Batting: LHB Johnathan Baird 0-0: Ball
1-0: Ball
2-0: Foul Ball, location: 2F
2-1: Foul Ball, location: 2F
2-2: Fly out, F3 (Popup, 3S, EV 73.1 MPH)
Batting: RHB Rob Detling 0-0: Ball
1-0: Foul Ball, location: 2F
1-1: Ball
2-1: Ball
3-1: Fly out, F8 (Flyball, 78D, EV 104.4 MPH)
Batting: LHB Shawn Hickey 0-0: Called Strike
0-1: Ball
1-1: Foul Ball, location: 2F
1-2: Foul Ball, location: 2F
1-2: Ball
2-2: Strikes out swinging
Top of the 4th over - 0 runs, 0 hits, 0 errors, 1 left on base; Los Angeles 3 - California 0
BOTTOM OF THE 4TH
California Kodiaks batting - Pitching for Los Angeles Dinos : RHP Phil Russell
Batting: RHB Stan Sikes 0-0: Ball
1-0: Ball
2-0: Swinging Strike
2-1: Ball
3-1: Base on Balls
Batting: LHB Idris Wnuk 0-0: Fly out, F9 (Flyball, 8RM, EV 86.9 MPH)
Batting: RHB C.J. Spicer 0-0: Reached on error, E5 (Groundball, 5L, EV 82.5 MPH)
Stan Sikes to second
Batting: LHB Sean Catron 0-0: Grounds into double play, 5-4-3 (Groundball, 56, EV 75.6 MPH)
Bottom of the 4th over - 0 runs, 0 hits, 1 error, 1 left on base; Los Angeles 3 - California 0
TOP OF THE 5TH
Los Angeles Dinos batting - Pitching for California Kodiaks : RHP Benjamin Narvaez
Batting: RHB Vince Cox 0-0: Swinging Strike
0-1: Ball
1-1: Ball
2-1: Ball
3-1: Ground out 4-3 (Groundball, 4, EV 83.1 MPH)
Batting: RHB Orrin Perkins 0-0: Ball
1-0: Ground out U3 (Groundball, 23, EV 83.8 MPH)
Batting: RHB Wyatt Steinauer 0-0: SINGLE (Groundball, 4MD, EV 95.6 MPH)
Batting: RHB Cody Turner 0-0: Ball
1-0: Ball
2-0: Ball
3-0: Called Strike
3-1: DOUBLE (Line Drive, 78XD, EV 110.6 MPH)
Wyatt Steinauer to third
Runner from 3rd tries for Home, SAFE, throw by CF to home
Batting: RHB Derick Murphy 0-0: Ball
1-0: Ball
2-0: Foul Ball, location: 2F
2-1: Called Strike
2-2: Ball
3-2: DOUBLE (Flyball, 8RD, EV 103.8 MPH)
Cody Turner scores
Pitching: LHP Dalton Robbins
Batting: RHB Cody Mancini 0-0: Ball
1-0: Called Strike
1-1: Ball
2-1: Fly out, F8 (Flyball, 8RM, EV 83.8 MPH)
Top of the 5th over - 2 runs, 3 hits, 0 errors, 1 left on base; Los Angeles 5 - California 0
BOTTOM OF THE 5TH
California Kodiaks batting - Pitching for Los Angeles Dinos : RHP Phil Russell
Batting: RHB Kyle Leonard 0-0: Called Strike
0-1: Ball
1-1: Ball
2-1: Foul Ball, location: 2F
2-2: Foul Ball, location: 2F
2-2: Ball
3-2: Strikes out swinging
Batting: LHB Logan Laughlin 0-0: Fly out, F8 (Line Drive, 8LD, EV 91.9 MPH)
Batting: LHB Stephen Caskey 0-0: Foul Ball, location: 2F
0-1: Ball
1-1: SINGLE (Groundball, 56S, EV 73.1 MPH) (infield hit)
Batting: RHB Hayden Cornett 0-0: Called Strike
Stephen Caskey steals 2nd base
0-1: Foul Ball, location: 2F
0-2: Ball
1-2: SINGLE (Groundball, 4MD, EV 98.1 MPH)
Stephen Caskey to third
Runner from 3rd tries for Home, SAFE, throw by CF to home
Batting: LHB Joey Robertson 0-0: Ball
Hayden Cornett steals 2nd base
1-0: Ball
2-0: Ball
3-0: Called Strike
3-1: Ground out 4-3 (Groundball, 4, EV 100.0 MPH)
Bottom of the 5th over - 1 run, 2 hits, 0 errors, 1 left on base; Los Angeles 5 - California 1
TOP OF THE 6TH
Los Angeles Dinos batting - Pitching for California Kodiaks : LHP Dalton Robbins
Batting: LHB Johnathan Baird 0-0: Ball
1-0: Foul Ball, location: 2F
1-1: Swinging Strike
1-2: Strikes out looking
Batting: RHB Rob Detling 0-0: Ball
1-0: Ground out 5-3 (Groundball, 56S, EV 68.8 MPH)
Batting: LHB Shawn Hickey 0-0: Ball
1-0: Swinging Strike
1-1: Foul Ball, location: 2F
1-2: Foul Ball, location: 2F
1-2: Ball
2-2: Foul Ball, location: 2F
2-2: Foul Ball, location: 2F
2-2: Foul Ball, location: 2F
2-2: Ball
3-2: Foul Ball, location: 2F
3-2: Base on Balls
Batting: RHB Vince Cox 0-0: Ball
1-0: Called Strike
1-1: Foul Ball, location: 2F
1-2: Strikes out swinging
Top of the 6th over - 0 runs, 0 hits, 0 errors, 1 left on base; Los Angeles 5 - California 1
BOTTOM OF THE 6TH
California Kodiaks batting - Pitching for Los Angeles Dinos : RHP Phil Russell
Batting: RHB Stan Sikes 0-0: Ball
1-0: Ball
2-0: Foul Ball, location: 2F
2-1: Ball
3-1: SOLO HOME RUN (Flyball, 78XD, EV 101.9 MPH), Distance : 403 ft
Batting: LHB Idris Wnuk 0-0: Called Strike
0-1: Ball
1-1: Ground out 4-3 (Groundball, 4, EV 102.5 MPH)
Batting: RHB C.J. Spicer 0-0: Called Strike
0-1: Called Strike
0-2: Ball
1-2: Ground out 4-3 (Groundball, 4, EV 99.4 MPH)
Batting: LHB Sean Catron 0-0: Swinging Strike
0-1: Foul Ball, location: 2F
0-2: Foul Ball, location: 2F
0-2: Ground out 4-3 (Groundball, 4, EV 85.6 MPH)
Bottom of the 6th over - 1 run, 1 hit, 0 errors, 0 left on base; Los Angeles 5 - California 2
TOP OF THE 7TH
Los Angeles Dinos batting - Pitching for California Kodiaks : LHP Dalton Robbins
Pitching: LHP Payton Cooke
Batting: RHB Orrin Perkins 0-0: Ball
1-0: Swinging Strike
1-1: Hit by Pitch
Batting: RHB Wyatt Steinauer 0-0: Called Strike
0-1: Foul Ball, location: 2F
0-2: SINGLE (Groundball, 6M, EV 81.9 MPH) (infield hit)
Orrin Perkins to second
Batting: RHB Cody Turner 0-0: Sac Bunt to 3S - play at first, batter safe!
Orrin Perkins to third
Wyatt Steinauer to second
Batting: RHB Derick Murphy 0-0: Called Strike
0-1: Called Strike
0-2: Ball
1-2: Foul Ball, location: 2F
1-2: Ball
2-2: Strikes out swinging
Batting: RHB Cody Mancini 0-0: Swinging Strike
0-1: Ball
1-1: Foul Ball, location: 2F
1-2: Ball
2-2: Fly out, F7 (Flyball, 7, EV 82.5 MPH)
Batting: LHB Johnathan Baird 0-0: Ball
1-0: Fielders Choice at 2nd, 6-4 (Groundball, 6, EV 84.4 MPH)
Top of the 7th over - 0 runs, 2 hits, 0 errors, 3 left on base; Los Angeles 5 - California 2
BOTTOM OF THE 7TH
California Kodiaks batting - Pitching for Los Angeles Dinos : RHP Phil Russell
Batting: RHB Kyle Leonard 0-0: Ball
1-0: Foul Ball, location: 2F
1-1: Ball
2-1: Ball
3-1: Base on Balls
Batting: LHB Logan Laughlin 0-0: Ball
Kyle Leonard is caught stealing 2nd base 2-6
1-0: Swinging Strike
1-1: Called Strike
1-2: Foul Ball, location: 2F
1-2: SINGLE (Groundball, 3D, EV 103.8 MPH)
Pitching: RHP Drake Frykman
Batting: LHB Stephen Caskey 0-0: Called Strike
Logan Laughlin steals 2nd base
0-1: Swinging Strike
0-2: Foul Ball, location: 2F
0-2: Ball
1-2: Strikes out looking
Batting: RHB Hayden Cornett 0-0: Ball
1-0: Ball
2-0: Called Strike
2-1: Foul Ball, location: 2F
2-2: Strikes out swinging
Bottom of the 7th over - 0 runs, 1 hit, 0 errors, 1 left on base; Los Angeles 5 - California 2
TOP OF THE 8TH
Los Angeles Dinos batting - Pitching for California Kodiaks : LHP Payton Cooke
Batting: RHB Rob Detling 0-0: Ball
1-0: Called Strike
1-1: Ball
2-1: Ball
3-1: Base on Balls
Pitching: RHP Ian Park
Batting: LHB Shawn Hickey 0-0: Ball
1-0: Swinging Strike
1-1: Foul Ball, location: 2F
1-2: Ball
2-2: Foul Ball, location: 2F
2-2: Strikes out swinging
Batting: RHB Vince Cox 0-0: Called Strike
0-1: Foul Ball, location: 2F
0-2: Fly out, F7 (Flyball, 7, EV 86.9 MPH)
Batting: RHB Orrin Perkins 0-0: Called Strike
0-1: Foul Ball, location: 2F
0-2: Strikes out swinging
Top of the 8th over - 0 runs, 0 hits, 0 errors, 1 left on base; Los Angeles 5 - California 2
BOTTOM OF THE 8TH
California Kodiaks batting - Pitching for Los Angeles Dinos : RHP Drake Frykman
Batting: LHB Joey Robertson 0-0: Foul Ball, location: 2F
0-1: Ball
1-1: Foul Ball, location: 2F
1-2: Ball
2-2: Ball
3-2: Strikes out swinging
Batting: RHB Stan Sikes 0-0: Called Strike
0-1: Ball
1-1: Ball
2-1: Swinging Strike
2-2: Foul Ball, location: 2F
2-2: Foul Ball, location: 2F
2-2: Ground out U3 (Groundball, 13, EV 81.9 MPH)
Batting: LHB Idris Wnuk 0-0: Fly out, F9 (Flyball, 9LD, EV 90.6 MPH)
Bottom of the 8th over - 0 runs, 0 hits, 0 errors, 0 left on base; Los Angeles 5 - California 2
TOP OF THE 9TH
Los Angeles Dinos batting - Pitching for California Kodiaks : RHP Ian Park
Batting: RHB Wyatt Steinauer 0-0: Foul Ball, location: 2F
0-1: Swinging Strike
0-2: Ball
1-2: Ball
2-2: Foul Ball, location: 2F
2-2: Foul Ball, location: 2F
2-2: Strikes out swinging
Batting: RHB Cody Turner 0-0: Ball
1-0: Called Strike
1-1: TRIPLE (Line Drive, 7D, EV 103.8 MPH)
Batting: RHB Derick Murphy 0-0: Intentional Walk
Batting: RHB Cody Mancini 0-0: Swinging Strike
0-1: Ball
1-1: Ball
2-1: Swinging Strike
2-2: Strikes out swinging
Batting: LHB Johnathan Baird 0-0: Ball
1-0: Ball
2-0: Ball
3-0: Base on Balls
Derick Murphy to second
Batting: RHB Rob Detling 0-0: Ball
1-0: Called Strike
1-1: Fly out, F8 (Flyball, 8LD, EV 91.9 MPH)
Top of the 9th over - 0 runs, 1 hit, 0 errors, 3 left on base; Los Angeles 5 - California 2
BOTTOM OF THE 9TH
California Kodiaks batting - Pitching for Los Angeles Dinos : RHP Drake Frykman
Batting: RHB C.J. Spicer 0-0: Called Strike
0-1: Swinging Strike
0-2: Foul Ball, location: 2F
0-2: Foul Ball, location: 2F
0-2: Ball
1-2: Strikes out looking
Batting: LHB Sean Catron 0-0: Foul Ball, location: 2F
0-1: Foul Ball, location: 2F
0-2: Ball
1-2: Strikes out swinging
Batting: RHB Kyle Leonard 0-0: DOUBLE (Line Drive, 89XD, EV 108.8 MPH) - OUT at third base trying to stretch hit.
Bottom of the 9th over - 0 runs, 1 hit, 0 errors, 0 left on base; Los Angeles 5 - California 2
Saturday, May 11th , 2024 - OOTP Baseball 23.10 Build 110